 Dungeon Crawl Stone Soup version 0.31-a0-408-gb642c7f9a3 (webtiles) character file.

Game seed: 7907980162525728874

20 HallandMoats the Trooper (level 2, -3/24 HPs)
             Began as a Demonspawn Fighter on July 29, 2023.
             Slain by a hobgoblin (4 damage)
             ... on level 1 of the Dungeon.
             The game lasted 00:00:36 (291 turns).

HallandMoats the Trooper (Demonspawn Fighter)        Turns: 291, Time: 00:00:37

Health: -3/24      AC:  6    Str: 16    XL:     2   Next: 58%
Magic:  3/3        EV:  8    Int: 11    God:
Gold:   25         SH:  4    Dex: 12    Spells: 1/1 levels left

rFire   . . .        a - +0 war axe
rCold   . . .        c - +0 buckler
rNeg    . . .        b - +0 scale mail
rPois   .            (no helmet)
rElec   .            (no cloak)
rCorr   .            (no gloves)
SInv    .            (no boots)
Will    .....        (no amulet) Stlth
                     (no ring)
HPRegen 0.24/turn    (no ring)
MPRegen 0.08/turn

%: no passive effects
@: no status effects
A: big brain 1
a: no special abilities


You were on level 1 of the Dungeon.
You visited 1 branch of the dungeon, and saw 1 of its levels.

You collected 25 gold pieces.

Inventory:

Hand Weapons
 a - a +0 war axe (weapon)
Armour
 b - a +0 scale mail (worn)
 c - a +0 buckler (worn)
Scrolls
 f - a scroll of teleportation {unknown}
Potions
 d - a potion of might
 e - 2 potions of resistance {unknown}


   Skills:
 + Level 3.3 Fighting
 + Level 2.2 Axes
 - Level 2.6 Armour
 - Level 2.6 Shields
 + Level 1.6 Invocations


You had one spell level left.
You didn't know any spells.
Your spell library was empty.

Dungeon Overview and Level Annotations

Branches:
Dungeon (1/15)

Altars:

Shops:
D:1 :


Innate Abilities, Weirdness & Mutations

You have an unusually large brain. (Int +2)


Message History

A goblin is nearby!
A hobgoblin comes into view.
Found a green potion.
The hobgoblin shouts!
There is an open door here.
The goblin hits you but does no damage. The goblin hits you with a +0 club.
The goblin closely misses you. The hobgoblin barely misses you.
The goblin hits you with a +0 club. The hobgoblin barely misses you.
The goblin hits you with a +0 club. The hobgoblin hits you.
You block the goblin's attack. The hobgoblin hits you.
The goblin hits you with a +0 club. The hobgoblin hits you.
The goblin hits you with a +0 club. The hobgoblin barely misses you.
The goblin hits you but does no damage.
The hobgoblin hits you but does no damage.
The goblin barely misses you.
The hobgoblin hits you but does no damage.
The goblin hits you but does no damage. The hobgoblin hits you.
The goblin hits you but does no damage. The hobgoblin closely misses you.
The goblin barely misses you. You block the hobgoblin's attack.
The goblin barely misses you. The hobgoblin closely misses you.
You block the goblin's attack.
The hobgoblin hits you but does no damage.
The goblin hits you but does no damage.
The hobgoblin hits you but does no damage.
The goblin closely misses you. The hobgoblin hits you.
The goblin hits you but does no damage. The hobgoblin hits you.
The goblin hits you with a +0 club.
* * * LOW HITPOINT WARNING * * *
The hobgoblin closely misses you. The goblin hits you with a +0 club.
* * * LOW HITPOINT WARNING * * *
You block the hobgoblin's attack. You block the goblin's attack.
The hobgoblin hits you.
* * * LOW HITPOINT WARNING * * *
The goblin hits you but does no damage. You block the hobgoblin's attack.
The goblin hits you with a +0 club.
* * * LOW HITPOINT WARNING * * *
The hobgoblin hits you.
You die...

### #.. #.#
##.####### #.#
#......... #.#
#......... #.#
#......... #.#
#.@g...... #.#
#..g..!... #.#
##'##########.#
#.# #........#
#.###.##.###.#####
#.##...#.# #......
#.##...#.# #######
#......#..
####..#### ##


You could see a hobgoblin and a goblin.

Vanquished Creatures
  A gnoll (D:1)
  A dart slug (D:1)
  2 jackals (D:1)
  2 kobolds (D:1)
  3 bats (D:1)
9 creatures vanquished.

Notes
Turn   | Place    | Note
-------+----------+-------------------------------------------
     0 | D:1      | HallandMoats the Demonspawn Fighter began the quest for the
                  | Orb.
     0 | D:1      | Reached XP level 1. HP: 18/18 MP: 1/1
   123 | D:1      | Reached skill level 1 in Invocations
   139 | D:1      | Found Judgh's Book Shop.
   150 | D:1      | Gained mutation: You have an unusually large brain. (Int
                  | +2) [demonic ancestry]
   150 | D:1      | Reached XP level 2. HP: 17/24 MP: 1/3
   291 | D:1      | HP: 1/24 [goblin/+0 club (3)]
   291 | D:1      | Slain by a hobgoblin

Illustrated notes

Levels and vault maps discovered:
D:1:      eino_arrival_cavern_d, layout_basic, serial_shops, shop,
          minmay_crystal_room, st_stairs_13, minivault_26, minmay_surrounded

Skill      XL: |  1 |
---------------+----+-----
Axes           | 2 |  2.2
Invocations    | 1 |  1.6
Fighting       | |  3.3
Armour         | |  2.6
Shields        | |  2.6

Action                     || total
---------------------------++-------
  Melee: War axe           ||    22
 Armour: Scale mail        ||    23
  Dodge: Dodged            ||    21
  Block: Buckler           ||    13

Table legend: (Time is in decaauts)
 A = Elapsed time spent in this place.
 B = Non-inter-level travel time spent in this place.
 C = Inter-level travel time spent in this place.
 D = Time resting spent in this place.
 E = Time spent auto-exploring this place.
 F = Levels seen in this place.
 G = Mean time per level.
                   A        B        C        D        E       F      G
               +--------+--------+--------+--------+--------+-----+--------+
         Total |    300 |    300 |      0 |     58 |    146 |   1 |  300.0 |
       Dungeon |    300 |    300 |      0 |     58 |    146 |   1 |  300.0 |
               +--------+--------+--------+--------+--------+-----+--------+

Top non-repeatable levels by time:
     D:1: 300 daAuts
